 Dungeon Crawl Stone Soup version 0.16-a0-3943-gb4b81e6 (console) character file.

348 Fusha the Ducker (level 6, -5/50 HPs)
             Began as a Demigod Skald on Feb 8, 2015.
             Slain by a centaur (7 damage)
             ... on level 6 of the Dungeon.
             The game lasted 00:17:25 (4095 turns).

Fusha the Ducker (Demigod Skald)                    Turns: 4095, Time: 00:17:26

Health: -5/50      AC:  6    Str: 22    XL:     6   Next: 10%
Magic:  6/15       EV: 12    Int: 18    God:
Gold:   103        SH:  0    Dex: 15    Spells: 3 memorised, 5 levels left

rFire  . . .     SeeInvis .     a - +0 mace
rCold  . . .     Clarity  .     x - +1 ring mail {MR+}
rNeg   + . .     SustAb   +     (no shield)
rPois  .         Gourm    .     (no helmet)
rElec  .         Spirit   .     (no cloak)
rCorr  .         Warding  .     (no gloves)
rMut   .         Stasis   .     (no boots)
MR     ++...                    (no amulet)
Stlth  +.........               g - ring of protection from magic
                                i - ring of positive energy

@: mighty, infused (expiring), flying, very resistant to hostile enchantments,
very unstealthy
A: sustain abilities
a: no special abilities


You were on level 6 of the Dungeon.
You were full.

You visited 1 branch of the dungeon, and saw 5 of its levels.

You collected 103 gold pieces.

Inventory:

Hand weapons
 a - a +0 mace (weapon)
Missiles
 u - 22 stones (quivered)
Armour
 b - a +0 leather armour
 x - a +1 ring mail of magic resistance (worn)
Jewellery
 g - a ring of protection from magic (right hand)
 i - a ring of positive energy (left hand)
Magical devices
 e - a wand of digging (7)
 y - a wand of confusion (29)
 z - a wand of teleportation (4)
 A - a wand of frost (28)
Scrolls
 f - a scroll of random uselessness {unknown}
 j - 2 scrolls of remove curse {unknown}
 m - a scroll of fog {unknown}
 n - 2 scrolls of amnesia {unknown}
 o - a scroll of teleportation {unknown}
 p - a scroll of recharging {unknown}
 q - a scroll of blinking {unknown}
Potions
 h - a potion of flight
 k - 2 potions of haste
 l - 2 potions of brilliance
 r - 2 potions of might
 t - 3 potions of poison
 v - 2 potions of restore abilities
Books
 c - a book of Battle

   Spells                             Type                      Level
   a - Infusion                       Charms                       1
   b - Shroud of Golubria             Charms/Translocation         2
   c - Song of Slaying                Charms                       2
   d - Spectral Weapon                Hexes/Charms                 3
   e - Regeneration                   Charms/Necromancy            3
 w - a book of Alchemy

   Spells                             Type                      Level
   a - Sublimation of Blood           Necromancy                   2
   b - Alistair's Intoxication        Transmutation/Poison         4
   c - Condensation Shield            Ice                          4
   d - Petrify                        Transmutation/Earth          4
   e - Ignite Poison                  Fire/Transmutation           5
   f - Irradiate                      Conjuration/Transmutation    5
Comestibles
 d - 3 bread rations
 s - a meat ration


   Skills:
 + Level 2.6 Fighting
 + Level 2.8 Maces & Flails
 + Level 2.5 Armour
 + Level 3.2 Dodging
 + Level 0.2 Stealth
 + Level 2.5 Spellcasting
 + Level 3.2 Charms
 + Level 0.1 Translocations


You had 5 spell levels left.
You knew the following spells:

 Your Spells              Type           Power        Failure   Level  Hunger
a - Infusion              Chrm           ##....       10%         1    #......
b - Song of Slaying       Chrm           ##......     14%         2    ##.....
c - Shroud of Golubria    Chrm/Tloc      #.........   24%         2    ##.....


Dungeon Overview and Level Annotations

Branches:
Dungeon (6/15)
 Temple: D:4-7


Innate Abilities, Weirdness & Mutations

Your attributes are resistant to harm.


Message History

You feel very buoyant.
You fly up into the air.
The centaur hits you.
* * * LOW HITPOINT WARNING * * *
The centaur hits you.
* * * LOW HITPOINT WARNING * * *
Drink which item? (? for menu, Esc to quit)
It was a potion of might.
You feel very mighty all of a sudden.
The centaur hits you but does no damage.
Your magical contamination has completely faded away.
Drink which item? (? for menu, Esc to quit)
Okay, then.
Evoke which item? (* to show all) (? for menu, Esc to quit)
Zapping:
y - a wand of confusion (will waste charges)
Press: ? - help, Shift-Dir - straight line, f - centaur
Aim: a centaur (heavily wounded, chance 46%)
The centaur resists with some effort.
Evoking this partially-identified wand wasted a few charges.
The centaur hits you!
You die...

#################
#...............#
#.#############.#
#.# #.# #(#
####.## #@#
#.....# # #c#
#.....# #.#'#r#
#.....# #c...(#
####.## #.....#
#.# #.....# #.#
...a#.#.# #(#
$#.##.#.# #.## ..
..#.# #...


You could see a centaur and a rat.

Vanquished Creatures
  A phantom (D:3)
  A centaur (D:6)
  An iguana (D:6)
  A worker ant (D:6)
  6 adders
  2 worms (D:3)
  2 giant geckos (D:1)
  An orc (D:3)
  2 ball pythons
  3 giant cockroaches
  9 hobgoblins
  3 jackals (D:1)
  6 kobolds
  12 bats
  A giant gecko skeleton (D:4)
  3 giant newts
  6 goblins
  5 rats
65 creatures vanquished.

Notes
Turn   | Place    | Note
--------------------------------------------------------------
     0 | D:1      | Fusha, the Demigod Skald, began the quest for the Orb.
     0 | D:1      | Reached XP level 1. HP: 17/17 MP: 3/3
   163 | D:1      | Reached skill level 1 in Armour
   364 | D:1      | Reached skill level 1 in Dodging
   364 | D:1      | Reached XP level 2. HP: 16/24 MP: 4/4
   396 | D:1      | Reached skill level 3 in Charms
   621 | D:1      | Learned a level 2 spell: Song of Slaying
   624 | D:1      | Learned a level 2 spell: Shroud of Golubria
  1321 | D:2      | Reached XP level 3. HP: 19/29 MP: 8/8
  2736 | D:3      | Reached XP level 4. HP: 33/36 MP: 10/10
  2765 | D:3      | Noticed a phantom
  3514 | D:4      | Noticed an ogre
  3514 | D:4      | Noticed a phantom
  3605 | D:3      | Killed a phantom
  3605 | D:3      | Reached XP level 5. HP: 22/42 MP: 6/12
  3651 | D:4      | You fall through a shaft for 2 floors!
  4089 | D:6      | Reached XP level 6. HP: 16/50 MP: 6/15
  4093 | D:6      | HP: 1/50 [centaur (2)]
  4095 | D:6      | Slain by a centaur

Action                   |  1- 3 |  4- 6 || total
-------------------------+-------+-------++-------
Melee: Mace              |   160 |   102 ||   262
Throw: Stone             |       |    13 ||    13
 Cast: Infusion          |     4 |    11 ||    15
       Shroud of Golubri |       |     3 ||     3
Evoke: Wand              |       |     1 ||     1
  Use: Scroll            |       |     4 ||     4
       Potion            |       |     2 ||     2
  Eat: Meat ration       |     2 |     1 ||     3
